 Dungeon Crawl Stone Soup version 0.20.1-1-g8b1a95d (webtiles) character file.

204 Linguinho the Ruffian (level 5, -5/53 HPs)
             Began as a Troll Monk on Nov 13, 2017.
             Slain by a scorpion (9 damage)
             ... on level 3 of the Dungeon.
             The game lasted 00:02:37 (1761 turns).

Linguinho the Ruffian (Troll Monk)                  Turns: 1761, Time: 00:02:37

Health: -5/53      AC:  3    Str: 20    XL:     5   Next: 52%
Magic:  4/4        EV: 11    Int:  6    God:
Gold:   162        SH:  0    Dex: 12    Spells: 4/4 levels left

rFire    . . .     SeeInvis .     - Unarmed
rCold    . . .     Gourm    +   (no shield)
rNeg     . . .     Faith    .   (armour restricted)
rPois    .         Spirit   .   (helmet restricted)
rElec    .         Reflect  .   (no cloak)
rCorr    .         Harm     .   (gloves unavailable)
MR       .....                  (boots unavailable)
Stlth    ++........             (no amulet)
Regen    0.6/turn               (no ring)
MPRegen  0.1/turn               (no ring)

@: lethally poisoned (-5 -> -6), starving
A: unfitting armour, claws 3, fast metabolism 3, gourmand, regeneration 1,
shaggy fur 1, tough skin 2
a: no special abilities


You were on level 3 of the Dungeon.
You were starving.

You visited 1 branch of the dungeon, and saw 3 of its levels.

You collected 162 gold pieces.

Inventory:

Armour
 a - a +0 robe
 m - a +0 robe of positive energy
Jewellery
 k - an uncursed ring of magical power {unknown}
 r - a +2 amulet of reflection {unknown}
Scrolls
 c - a scroll of magic mapping {unknown}
 d - 3 scrolls of teleportation {unknown}
 e - a scroll of amnesia {unknown}
 f - a scroll of enchant weapon {unknown}
 g - 2 scrolls of remove curse {unknown}
 h - 2 scrolls of immolation {unknown}
 j - 4 scrolls of identify {unknown}
 o - 2 scrolls of random uselessness {unknown}
 p - a scroll of blinking {unknown}
Potions
 i - a potion of might {unknown}
 l - 4 potions of heal wounds {unknown}
 n - a potion of brilliance {unknown}
 q - 2 potions of haste {unknown}
Comestibles
 b - 4 bread rations


   Skills:
 + Level 3.2 Fighting
 + Level 3.4 Dodging
 + Level 1.3 Stealth
 + Level 4.6 Unarmed Combat


You had 4 spell levels left.
You didn't know any spells.

Dungeon Overview and Level Annotations

Branches:
Dungeon (3/15)

Altars:
Nemelex Xobeh
Ru


Innate Abilities, Weirdness & Mutations

You are too large for most types of armour.
You have claws for hands.
Your metabolism is lightning-fast.
You like to eat raw meat.
Your natural rate of healing is unusually fast.
You are covered in fur. (AC +1)
You have very tough skin. (AC +2)


Message History

The scorpion poisons you!
You scratch the scorpion.
The scorpion is lightly wounded.
You feel sick. The bullfrog hits you.
* * * LOW HITPOINT WARNING * * *
The scorpion stings you.
* * * LOW HITPOINT WARNING * * *
Unknown command.
You feel sick.
The bullfrog hits you but does no damage.
The bullfrog hits you.
* * * LOW HITPOINT WARNING * * *
You feel sick.
The bullfrog swells and bulges.
The bullfrog hits you!
* * * LOW HITPOINT WARNING * * *
There is a transporter here.
You enter the transporter and appear at another place.
You feel sick. The bullfrog barely misses you. The scorpion stings you!
You die...

..##......# #.##.#
#......>..
#.##....#.....##.#
#.#.#.....
.....#.#########'##
###.#.###. ..####.#
▓▓▓▓▓▓...▓▓▓▓▓▓▓#.#.###.
..# #.#
⌠...⌠▓...▓⌠.§.⌠▓#.#[..#.
### #+#
.....▓...▓..?..▓#.......
##..#
..}..▓...▓.....▓#####.#.
##...#
%....▓F_.▓.....▓#.......
###....#
⌠...⌠▓§@s▓⌠...⌠▓#####.##
.......#
▓▓▓▓▓▓###▓▓▓▓▓▓▓####...#
.......##### #######
#....... #..........#
#.....# ####...#
#.#...[...# #.....#
##.## #.##)....##
#.....# #..# #.###...##
##...## ##.# ...###'##
##.## #.# #.#.##.# #.#
#.#


You could see a bullfrog and a scorpion.

Vanquished Creatures
  An orc priest (D:3)
  Jessica (D:2)
  Terence (D:2)
  5 adders
  3 oozes
  3 worms
  A dart slug (D:3)
  7 orcs (D:3)
  3 bats
  2 giant cockroaches
  7 hobgoblins
  2 frilled lizards (D:3)
  6 goblins
  6 kobolds
  4 rats
52 creatures vanquished.

Notes
Turn   | Place    | Note
-------+----------+-------------------------------------------
     0 | D:1      | Linguinho the Troll Monk began the quest for the Orb.
     0 | D:1      | Reached XP level 1. HP: 22/22 MP: 0/0
    60 | D:1      | Reached XP level 2. HP: 29/29 MP: 1/1
   503 | D:2      | Reached XP level 3. HP: 36/36 MP: 2/2
   609 | D:2      | Noticed Terence
   613 | D:2      | Noticed Jessica
   616 | D:2      | Killed Jessica
   616 | D:2      | Reached XP level 4. HP: 39/45 MP: 3/3
   619 | D:2      | Killed Terence
   619 | D:2      | Reached skill level 4 in Unarmed Combat
   782 | D:2      | Found a sacrificial altar of Ru.
  1062 | D:2      | Found a faded altar of an unknown god.
  1196 | D:3      | Reached XP level 5. HP: 53/53 MP: 4/4
  1729 | D:3      | Found a sparkling altar of Nemelex Xobeh.
  1729 | D:3      | Found a transporter.
  1761 | D:3      | Slain by a scorpion

Skill      XL: |  1  2  3  4 |
---------------+-------------+-----
Fighting       | 3 |  3.2
Unarmed Combat | 4 |  4.6
Dodging        | 3 |  3.4
Stealth        | |  1.3

Action                   |  1- 3 |  4- 6 || total
-------------------------+-------+-------++-------
Melee: Unarmed           |    58 |    96 ||   154
       Punch             |     1 |       ||     1
 Stab: Sleeping          |     2 |     2 ||     4
  Eat: Chunk             |     3 |     8 ||    11
Armor: Robe              |    11 |     7 ||    18
       Skin              |       |    18 ||    18
Dodge: Dodged            |    19 |    49 ||    68
